 Dungeon Crawl Stone Soup version 0.28.0 (webtiles) character file.

Game seed: 10073442381825460751

37 Gabide the Grave Robber (level 3, -1/26 HPs)
             Began as a Mummy Necromancer on Feb 8, 2022.
             Slain by a necrophage (4 damage)
             ... on level 1 of the Dungeon.
             The game lasted 00:05:02 (1327 turns).

Gabide the Grave Robber (Mummy Necromancer)         Turns: 1327, Time: 00:05:02

Health: -1/26      AC:  2    Str: 11    XL:     3   Next: 23%
Magic:  5/7        EV: 12    Int: 22    God:
Gold:   31         SH:  0    Dex: 12    Spells: 7/8 levels left

rFire   x . .      SeeInvis .   b - +1 dagger (speed)
rCold   + . .      Faith    .   (no shield)
rNeg    + + +      Spirit   .   a - +0 robe
rPois   ∞          Reflect  .   (no helmet)
rElec   .          Harm     .   (no cloak)
rCorr   .          Rampage  .   (no gloves)
Will    .....                   (no boots)
Stlth   ++........              (no amulet)
HPRegen 0.08/turn               c - +6 ring of intelligence
MPRegen 0.10/turn               (no ring)

@: no status effects
A: cold resistance 1, negative energy resistance 3, torment resistance 2, heat
vulnerability 1, no potions
a: no special abilities


You were on level 1 of the Dungeon.
You visited 1 branch of the dungeon, and saw 2 of its levels.

You collected 31 gold pieces.

Inventory:

Hand Weapons
 b - a +1 dagger of speed (weapon)
Armour
 a - a +0 robe (worn)
Jewellery
 c - a +6 ring of intelligence (left hand)


   Skills:
 * Level 1.1 Fighting
 * Level 1.8 Dodging
 + Level 1.6 Stealth
 + Level 3.1 Spellcasting
 + Level 4.5 Necromancy


You had 7 spell levels left.
You knew the following spells:

 Your Spells              Type           Power      Damage    Failure   Level
a - Pain                  Necr           92%        1d8       1%          1

Your spell library contained the following spells:

 Spells                   Type           Power      Damage    Failure   Level
 Animate Skeleton         Necr           46%        N/A       1%          1
 Vampiric Draining        Necr           23%        2d7       6%          3
 Animate Dead             Necr           11%        N/A       19%         4
 Agony                    Necr           23%        N/A       47%         5


Dungeon Overview and Level Annotations

Branches:
Dungeon (2/15)

Altars:

Shops:
D:1 =([


Innate Abilities, Weirdness & Mutations

You are immune to poison.
Your flesh is cold resistant. (rC+)
You are immune to negative energy. (rN+++)
You are immune to unholy pain and torment.
You are vulnerable to heat. (rF-)
You do not drink.


Message History

The necrophage is almost destroyed.
The necrophage hits you.
You are too injured to fight recklessly!
You are too injured to fight recklessly!
You are too injured to fight recklessly!
You are too injured to fight recklessly!
You are too injured to fight recklessly!
You are too injured to fight recklessly!
You are too injured to fight recklessly!
You are too injured to fight recklessly!
You are too injured to fight recklessly!
You are too injured to fight recklessly!
You are too injured to fight recklessly!
You are too injured to fight recklessly!
You are too injured to fight recklessly!
You are too injured to fight recklessly!
You are too injured to fight recklessly!
You are too injured to fight recklessly!
You are too injured to fight recklessly!
You are too injured to fight recklessly!
You are too injured to fight recklessly!
You are too injured to fight recklessly!
You closely miss the necrophage.
The necrophage is almost destroyed.
You hit the necrophage. Your punch misses the necrophage.
The necrophage is almost destroyed.
The necrophage barely misses you.
You hit the necrophage but do no damage.
The necrophage is almost destroyed.
The necrophage hits you.
You hit the necrophage but do no damage.
The necrophage is almost destroyed.
The necrophage hits you.
* * * LOW HITPOINT WARNING * * *
You barely miss the necrophage.
The necrophage is almost destroyed.
You closely miss the necrophage.
The necrophage is almost destroyed.
The necrophage hits you.
You die...

#.........#
#.#######.#######
#....!...........
#..######.#...#..
#..# #.......#..
#..# #.#.....#..
##..####.#.....#..
#.....!......#.#.#
#@n...........###.
#.#....#.#.....#.)
#.##.###.#........
#...........##....
#..##......###...#
##...............##
#..............#.#
#..............#.#
#..............#.#


You could see a necrophage.

Vanquished Creatures
  A dart slug (D:1)
  3 ball pythons (D:1)
  6 endoplasms (D:1)
  A giant cockroach (D:1)
  4 goblins
  A hobgoblin (D:1)
  A quokka (D:1)
  6 bats (D:1)
  2 frilled lizards (D:1)
  4 kobolds
  4 rats
33 creatures vanquished.

Vanquished Creatures (others)
  2 withered plants (D:1)
2 creatures vanquished.

Grand Total: 35 creatures vanquished

Notes
Turn   | Place    | Note
-------+----------+-------------------------------------------
     0 | D:1      | Gabide the Mummy Necromancer began the quest for the Orb.
     0 | D:1      | Reached XP level 1. HP: 13/13 MP: 4/4
   159 | D:1      | Found Koh Tay's Jewellery Shoppe.
   353 | D:1      | Reached XP level 2. HP: 20/20 MP: 3/6
   634 | D:1      | Found Zietitod's Weapon Shoppe.
   705 | D:1      | Reached skill level 1 in Fighting
   810 | D:1      | Reached XP level 3. HP: 24/26 MP: 3/7
   900 | D:1      | Found a faded altar of an unknown god.
  1087 | D:1      | Found Defriqo's Armour Shop.
  1292 | D:2      | Noticed a necrophage
  1327 | D:1      | Slain by a necrophage

Illustrated notes

Levels and vault maps discovered:
D:1:      shiori_arrival_maze, layout_basic, ebering_ecumenical_altar_petrified,
          serial_shops, nicolae_shop_advertising_works
          [nicolae_subvault_shop_adworks], nicolae_shop_bloodbath_and_beyond,
          nicolae_shop_temple_entry_statues_fountains, minmay_misc_feat_encased
D:2:      layout_basic, basic_altar

Skill      XL: |  1  2 |
---------------+-------+-----
Spellcasting   | 3 |  3.1
Fighting       | 1 |  1.1
Dodging        | |  1.8
Stealth        | |  1.6
Necromancy     | |  4.5

Action                   || total
-------------------------++-------
Melee: Unarmed           ||     6
       Dagger            ||    40
       Punch             ||     1
 Cast: Pain              ||    44
 Stab: Sleeping          ||     1
Armor: Robe              ||     3
Dodge: Dodged            ||    21
